 Dungeon Crawl Stone Soup version 0.31-a0-640-g39d97e502b (webtiles) character file.

Game seed: 6927120320335697297

16680 AiryTheDragon the Magician (level 12, 0/80 HPs)
             Began as a Demonspawn Fire Elementalist on Aug 29, 2023.
             Slain by an elephant (7 damage)
             ... on level 1 of the Lair of Beasts.
             The game lasted 02:53:44 (13433 turns).

AiryTheDragon the Magician (DsFE)                  Turns: 13433, Time: 02:53:45

Health: 0/80       AC: 16    Str: 12    XL:     12   Next: 12%
Magic:  23/23      EV: 12    Int: 23    God:
Gold:   482        SH:  0    Dex: 13    Spells: 1/25 levels left

rFire   . . .        T - +8 demon whip (vamp)
rCold   . . .        G - +2 buckler
rNeg    . . .        a - +1 leather armour of Wu Jian's Scorn {rPois rCorr}
rPois   +            B - +0 helmet
rElec   .            D - +2 cloak
rCorr   +            c - +2 pair of gloves
SInv    .            (boots unavailable)
Will    +....        r - amulet of faith
Stlth   +            p - +4 ring of protection
HPRegen 0.33/turn    y - +6 ring of intelligence
MPRegen 0.18/turn

%: faith
@: confused, ambrosia-drunk
A: hooves 3, demonic magic 1, dopey 1, strong-willed 1, sense surroundings 1
a: no special abilities


You were on level 1 of the Lair of Beasts.
You visited 3 branches of the dungeon, and saw 13 of its levels.
You also visited: Ossuary and Bailey.

You collected 898 gold pieces.
You spent 416 gold pieces at shops.

Inventory:

Hand Weapons
 P - a +1 short sword of venom
 Q - a +2 short sword of chaos
 S - a +2 eveningstar
 T - a +8 vampiric demon whip (weapon)
 V - a +6 broad axe of protection
 Y - a +2 orcbow of flaming
Missiles
 h - 6 boomerangs
 t - a dart of dispersal
 A - 33 poisoned darts
 L - 3 throwing nets
 M - 5 silver javelins
Armour
 a - the +1 leather armour of Wu Jian's Scorn (worn) {rPois rCorr}
   (You found it on level 9 of the Dungeon)

   rPois:     It protects you from poison rCorr: It protects you from acid and
   corrosion.
 c - a +2 pair of gloves (worn)
 i - an orb of energy
 k - a +2 robe of positive energy
 u - a +1 scale mail of cold resistance
 B - a +0 helmet (worn)
 D - a +2 cloak (worn)
 E - +0 steam dragon scales
 G - a +2 buckler (worn)
 O - a +0 robe of fire resistance
Magical Staves
 X - a staff of poison
Jewellery
 p - a +4 ring of protection (left hand)
 r - an amulet of faith (around neck)
 y - a +6 ring of intelligence (right hand)
 C - a ring of resist corrosion
Talismans
 K - a blade talisman
Wands
 e - a wand of roots (13)
 s - a wand of paralysis (10)
 v - a wand of polymorph (11)
 F - a wand of mindburst (10)
 N - a wand of flame (40)
Scrolls
 d - 2 scrolls of fog
 f - a scroll of blinking
 g - 18 scrolls of teleportation
 o - 2 scrolls of fear
 z - 4 scrolls of summoning
 H - 7 scrolls of poison
 R - a scroll of revelation
 W - 4 scrolls of identify
Potions
 b - a potion of magic
 j - 2 potions of attraction
 l - 2 potions of curing
 m - 2 potions of enlightenment
 n - a potion of invisibility
 q - 2 potions of haste
 w - 3 potions of lignification
 x - 2 potions of cancellation
 I - 3 potions of heal wounds
 J - 2 potions of brilliance
 U - a potion of ambrosia


   Skills:
 + Level 2.9 Fighting
 + Level 0.6(0.8) Short Blades
 + Level 0.6(0.9) Long Blades
 + Level 5.1 Maces & Flails
 + Level 0.1 Polearms
 + Level 0.3 Throwing
 * Level 5.1 Armour
 + Level 3.8 Dodging
 + Level 7.1 Stealth
 * Level 3.7 Shields
 + Level 7.4 Spellcasting
 + Level 2.9 Conjurations
 * Level 2.6 Summonings
 * Level 4.3 Transmutations
 + Level 6.6 Fire Magic
 * Level 5.3 Ice Magic
 + Level 2.5 Air Magic
 + Level 4.0 Poison Magic
 * Level 4.9 Evocations
 * Level 1.2 Shapeshifting


You had one spell level left.
You knew the following spells:

 Your Spells              Type           Power      Damage    Failure   Level
a - Foxfire               Conj/Fire      100%       2x1d9     1%          1
b - Scorch                Fire           78%        2d8       1%          2
c - Flame Wave            Conj/Fire      30%        2d9       19%         4
d - Mephitic Cloud        Conj/Pois/Air  23%        N/A       11%         3
e - Freezing Cloud        Conj/Ice/Air   12%        6-21      63%         5
f - Ignite Poison         Fire/Tmut/Pois 31%        N/A       4%          3
g - Poisonous Vapours     Pois/Air       46%        N/A       4%          2
h - Summon Ice Beast      Ice/Summ       27%        N/A       24%         4

Your spell library contained the following spells:

 Spells                   Type           Power      Damage    Failure   Level
 Sting                    Tmut/Pois      100%       1d8       2%          1
 Sandblast                Erth           16%        2d6       13%         1
 Ozocubu's Armour         Ice            33%        N/A       4%          3
 Cigotuvi's Dreadful Rot  Necr/Pois/Air  36%        N/A       8%          2
 Inner Flame              Hex/Fire       23%        N/A       10%         3
 Volatile Blastmotes      Fire/Tloc      46%        2d13      10%         3
 Call Canine Familiar     Summ           20%        N/A       13%         3
 Dazzling Flash           Conj/Hex       30%        N/A       22%         3
 Olgreb's Toxic Radiance  Pois           27%        N/A       24%         4
 Portal Projectile        Hex/Tloc       16%        N/A       36%         3
 Metabolic Englaciation   Hex/Ice        10%        N/A       75%         5
 Anguish                  Hex/Necr       4%         N/A       77%         4
 Cause Fear               Hex            4%         N/A       77%         4
 Leda's Liquefaction      Hex/Erth       4%         N/A       77%         4
 Summon Mana Viper        Hex/Summ       14%        N/A       90%         5
 Starburst                Conj/Fire      15%        6d6       95%         6
 Simulacrum               Ice/Necr       10%        N/A       100%        6
 Enfeeble                 Hex            4%         N/A       100%        7
 Monstrous Menagerie      Summ           10%        N/A       100%        7
 Maxwell's Capacitive Co  Air            10%        ∞         100%        8


Dungeon Overview and Level Annotations

Branches:
Dungeon (11/15)            Temple (1/1) D:6            Lair (1/5) D:11
Ossuary (visited)          Bailey (visited)
    Orc: D:9-12

Altars:
Ashenzari
Cheibriados
Dithmenos
Fedhas
Gozag
Hepliaklqana
Kikubaaqudgha
Makhleb
Nemelex Xobeh
Okawaru
Qazlal
Ru
Sif Muna
Trog
Uskayaw
Vehumet
Wu Jian
Xom
Yredelemnul

Shops:
D:1 =   D:4 !   D:8 [

Annotations:
D:8 3 runed translucent doors, Pooter's ghost, journeyman MiBe


Innate Abilities, Weirdness & Mutations

You have hooves in place of feet.
Spells you cast may paralyse adjacent enemies.
You are dopey. (Int -2)
You are strong-willed. (Will+)
You passively map a small area around you.


Message History

The skyshark completely misses you.
The skyshark tail-slaps you but does no damage. x2
You hit the elephant. You kick the elephant.
The elephant is severely wounded.
The elephant tramples you!
You hold your ground!
The elephant barely misses you.
The elephant tramples you but does no damage.
The elephant trunk-slaps you. The skyshark bites you!!
* * * LOW HITPOINT WARNING * * *
The skyshark enters a blood-rage!
The skyshark tail-slaps you.
* * * LOW HITPOINT WARNING * * *
The skyshark tail-slaps you.
* * * LOW HITPOINT WARNING * * *
Your magical contamination has completely faded away.
You feel much better.
The elephant tramples you but does no damage.
The elephant trunk-slaps you but does no damage.
The skyshark barely misses you. x2; The skyshark tail-slaps you.
* * * LOW HITPOINT WARNING * * *
The elephant tramples you but does no damage.
The elephant barely misses you.
You barely miss the elephant.
The elephant is lightly wounded.
The skyshark closely misses you. x2; The skyshark barely misses you.
The elephant tramples you but does no damage.
The elephant barely misses you. x2; The elephant closely misses you.
The skyshark bites you.
* * * LOW HITPOINT WARNING * * *
The skyshark tail-slaps you.
* * * LOW HITPOINT WARNING * * *
The skyshark barely misses you.
You're too confused to move!
The elephant tramples you!
* * * LOW HITPOINT WARNING * * *
You hold your ground!
The elephant trunk-slaps you but does no damage.
The skyshark bites you!
* * * LOW HITPOINT WARNING * * *
The skyshark tail-slaps you but does no damage. x2
The elephant tramples you!
You die...

#.. * ..#..# , .., , ,
....# ., * , ...## *,. *
, #...####.. ,, , ...*
,#.........
#..##.........##.....l...
,
#...#.........##.†.#.##..
#...#.........##lY## *
..............##@Y# ,
#.............##..# , , ,
..............##..# *
..............##.?# ,
..................#*
........................
,
...........#####[.......
* ..........## ##.####..
.......#### ### * .


You could see a skyshark (berserk) and 2 elephants.

Vanquished Creatures
  An orc warlord (Bailey)
  Urug (D:10)
  The ghost of Pokonic1 the Fighter, a novice DsFi of Qazlal (D:5)
  A wizard (D:10)
  4 orc knights (Bailey)
  6 elephants (Lair:1)
  Jeremiah (D:7)
  A cane toad (Lair:1)
  A komodo dragon (Lair:1)
  2 blink frogs (Lair:1)
  A wraith (D:9)
  8 yaks
  Eustachio (D:4)
  A wyvern (D:8)
  2 steam dragons
  A nameless horror (Lair:1)
  Duvessa (D:5)
  2 water moccasins
  3 ogres
  12 orc warriors
  14 ice beasts
  A black bear (D:5)
  9 centaurs
  A phantom (D:4)
  2 kobold brigands
  5 bullfrogs
  5 scorpions
  11 wights
  Dowan (D:5)
  10 killer bees
  2 electric eels (D:10)
  A howler monkey (D:6)
  4 centaur zombies (Ossuary)
  7 orc priests
  4 jellies
  3 hounds
  12 orc wizards
  4 human zombies (Ossuary)
  2 sleepcaps
  2 gnoll boudas
  6 iguanas
  Natasha (thrice) (D:2)
  A scorpion zombie (Ossuary)
  Robin (D:4)
  3 mummies (Ossuary)
  14 gnolls
  5 adders
  3 shadow imps
  2 white imps
  An ufetubus (D:4)
  2 worms
  3 dart slugs
  45 orcs
  8 ball pythons
  14 endoplasms
  2 giant cockroaches (D:4)
  3 gnoll zombies (Ossuary)
  28 goblins
  17 hobgoblins
  3 quokkas
  10 bats
  3 frilled lizards
  A goblin zombie (Ossuary)
  24 kobolds
  2 kobold zombies (Ossuary)
  4 orc zombies (Ossuary)
  5 rats
364 creatures vanquished.

Vanquished Creatures (collateral kills)
  6 foxfires
6 creatures vanquished.

Vanquished Creatures (others)
  2 killer bees
  381 foxfires
383 creatures vanquished.

Grand Total: 753 creatures vanquished

Notes
Turn   | Place    | Note
-------+----------+-------------------------------------------
     0 | D:1      | AiryTheDragon the Demonspawn Fire Elementalist began the
                  | quest for the Orb.
     0 | D:1      | Reached XP level 1. HP: 13/13 MP: 3/3
   391 | D:1      | Gained mutation: Spells you cast may paralyse adjacent
                  | enemies. [demonic ancestry]
   391 | D:1      | Reached XP level 2. HP: 19/19 MP: 5/5
   408 | D:1      | Learned a level 2 spell: Scorch
   787 | D:1      | Found a faded altar of an unknown god.
   831 | D:1      | Reached XP level 3. HP: 24/24 MP: 6/6
   873 | D:1      | Found Yron Noo's Jewellery Shoppe.
  1344 | D:2      | Noticed Natasha
  1351 | D:2      | Killed Natasha
  1352 | D:2      | Reached skill level 1 in Maces & Flails
  1478 | D:2      | Reached XP level 4. HP: 31/31 MP: 7/7
  1583 | D:2      | Noticed Natasha
  1591 | D:2      | Killed Natasha
  1612 | D:2      | Noticed Natasha
  1620 | D:2      | Killed Natasha
  1723 | D:2      | Learned a level 4 spell: Flame Wave
  2184 | D:3      | Gained mutation: You have large cloven feet. [demonic
                  | ancestry]
  2184 | D:3      | Reached XP level 5. HP: 36/36 MP: 6/9
  2750 | D:3      | Reached skill level 1 in Fighting
  2758 | D:3      | Reached skill level 1 in Armour
  3067 | D:4      | Reached XP level 6. HP: 43/43 MP: 5/10
  3205 | D:4      | Noticed Robin
  3207 | D:4      | HP: 1/43 [spore (30)]
  3218 | D:4      | Killed Robin
  3418 | D:4      | Noticed Eustachio
  3444 | D:4      | Killed Eustachio
  3462 | D:4      | Gained mutation: You have hoof-like feet. [demonic
                  | ancestry]
  3462 | D:4      | Reached XP level 7. HP: 25/48 MP: 5/12
  3701 | D:4      | Found a hide-covered altar of Uskayaw.
  4365 | D:4      | Found Pifevieb's Distillery.
  4373 | D:4      | Bought 2 potions of heal wounds for 130 gold pieces
  4373 | D:4      | Bought a potion of brilliance for 52 gold pieces
  4577 | D:5      | Entered Level 5 of the Dungeon
  4890 | D:5      | Reached XP level 8. HP: 54/54 MP: 3/14
  5040 | D:5      | Learned a level 3 spell: Mephitic Cloud
  5185 | D:5      | Noticed Duvessa
  5185 | D:5      | Noticed Dowan
  5195 | D:5      | Killed Duvessa
  5196 | D:5      | Reached skill level 5 in Stealth
  5202 | D:5      | Killed Dowan
  5271 | D:5      | Reached skill level 1 in Air Magic
  5271 | D:5      | Reached skill level 1 in Poison Magic
  5360 | D:5      | Found a runed translucent gate.
  5360 | D:5      | Found a runed translucent gate.
  5361 | D:5      | Found a runed translucent gate.
  5362 | D:5      | Noticed Pokonic1's ghost (novice DsFi)
  5850 | D:6      | Reached skill level 5 in Spellcasting
  5890 | D:6      | Identified the +2 pair of gloves of Dunahocu {rC- Dex+4}
  5898 | D:6      | Reached skill level 5 in Fire Magic
  5992 | D:6      | Reached XP level 9. HP: 60/61 MP: 1/16
  5998 | D:6      | Learned a level 5 spell: Freezing Cloud
  6123 | D:6      | Found a staircase to the Ecumenical Temple.
  6270 | D:6      | Reached skill level 1 in Shields
  6632 | Temple   | Entered the Ecumenical Temple
  6759 | D:6      | Learned a level 3 spell: Ignite Poison
  7027 | D:7      | Reached skill level 1 in Ice Magic
  7098 | D:7      | Identified the +7 ring mail of Xaorghuf {rF- rN+ Int-5
                  | Dex+4}
  7136 | D:7      | Found a sand-covered staircase.
  7141 | Ossuary  | Entered an ossuary
  7903 | D:4      | Bought a potion of haste for 130 gold pieces
  7903 | D:4      | Bought a potion of ambrosia for 104 gold pieces
  7982 | D:5      | Learned a level 2 spell: Poisonous Vapours
  8004 | D:5      | Reached skill level 1 in Transmutations
  8213 | D:5      | Killed Pokonic1's ghost
  8585 | D:7      | Gained mutation: You have hooves in place of feet. [demonic
                  | ancestry]
  8585 | D:7      | Reached XP level 10. HP: 68/68 MP: 1/19
  8605 | D:7      | Reached skill level 1 in Evocations
  8898 | D:7      | Noticed Jeremiah
  8908 | D:7      | Killed Jeremiah
  9071 | D:7      | Found a shimmering blue altar of Sif Muna.
  9090 | D:7      | Got Sif Muna's Omnibus of the Volcano
  9458 | D:8      | Found Ipod's Antique Armour Shoppe.
  9628 | D:8      | Found a runed translucent gate.
  9628 | D:8      | Found a runed translucent gate.
  9631 | D:8      | Found a runed translucent gate.
  9631 | D:8      | Noticed Pooter's ghost (journeyman MiBe)
  9987 | D:9      | Found a flagged portal.
 10016 | Bailey   | Entered a bailey
 10113 | Bailey   | Noticed an orc knight
 10124 | Bailey   | Noticed an orc knight
 10129 | Bailey   | Killed an orc knight
 10142 | Bailey   | Killed an orc knight
 10401 | Bailey   | Noticed an orc knight
 10415 | Bailey   | Killed an orc knight
 10666 | Bailey   | Noticed an orc warlord
 10689 | Bailey   | Killed an orc warlord
 10690 | Bailey   | Reached XP level 11. HP: 65/74 MP: 1/21
 10710 | Bailey   | Noticed an orc knight
 10798 | Bailey   | Killed an orc knight
 10874 | Bailey   | Acquired a +2 vampiric demon whip
 10926 | D:9      | Found an iron altar of Okawaru.
 10970 | D:9      | Identified the +1 leather armour of Wu Jian's Scorn {rPois
                  | rCorr}
 11059 | D:9      | Found a burning altar of Makhleb.
 11397 | D:9      | Found a hazy altar of Hepliaklqana.
 11429 | D:9      | Gained mutation: You are robust. (+10% HP) [potion of
                  | mutation]
 11501 | D:9      | Found a shimmering altar of Xom.
 11533 | D:9      | Found a radiant altar of Vehumet.
 11574 | D:10     | Entered Level 10 of the Dungeon
 11591 | D:10     | Noticed Urug
 11598 | D:10     | Killed Urug
 11617 | D:10     | Lost mutation: You are robust. (+10% HP) [potion of
                  | mutation]
 11617 | D:10     | Gained mutation: You are dopey. (Int -2) [potion of
                  | mutation]
 11617 | D:10     | Gained mutation: You passively map a small area around you.
                  | [potion of mutation]
 11617 | D:10     | Gained mutation: You are strong-willed. (Will+) [potion of
                  | mutation]
 11945 | D:10     | Learned a level 4 spell: Summon Ice Beast
 12151 | D:10     | Reached skill level 1 in Summonings
 12250 | D:10     | Found a shadowy altar of Dithmenos.
 12351 | D:10     | Noticed a wizard
 12359 | D:10     | Killed a wizard
 12960 | D:11     | Found a staircase to the Lair.
 12968 | Lair:1   | Entered Level 1 of the Lair of Beasts
 13118 | Lair:1   | Reached skill level 5 in Ice Magic
 13151 | Lair:1   | Reached skill level 1 in Shapeshifting
 13158 | Lair:1   | Reached XP level 12. HP: 46/80 MP: 1/23
 13163 | Lair:1   | Reached skill level 5 in Armour
 13264 | Lair:1   | Reached skill level 5 in Maces & Flails
 13430 | Lair:1   | HP: 4/80 [skyshark (3)]
 13433 | Lair:1   | Slain by an elephant

Illustrated notes

Levels and vault maps discovered:
D:1:      dpeg_arrival_water_temple_mockup, layout_basic, serial_shops,
          nicolae_shop_hallway_stairs, dilly_ecumenical_altar_fadedgnrine
D:2:      minmay_wonky_spiral, layout_loops_cross, uniq_natasha
D:3:      layout_loops_ring, chequers_serial_rivers_micro_a
D:4:      layout_cave_pods, nicolae_uskayaw_murder_on_the_dancefloor,
          serial_shops, nicolae_shop_industrial_runoff, dk_vineyard_2,
          minmay_hedge_maze, chequers_serial_rivers_room_b,
          minmay_strange_pillars, uniq_eustachio, uniq_robin
D:5:      layout_basic, gammafunk_ghost_nasty_kobolds, uniq_duvessa
D:6:      layout_basic, minmay_temple_entry_mist
D:7:      layout_cave_pools, led_sif_book, enter_ossuary_2, chequers_avenue,
          st_stairs_11, uniq_jeremiah
D:8:      layout_rooms, serial_shops, nicolae_shop_advertising_works
          [nicolae_subvault_shop_adworks], ebering_ghost_rock_garden
D:9:      layout_basic, okawaru_gym_becter, lemuel_coloured_pillars_altar,
          mainiacjoe_overflow_two_lobes, lemuel_crystal_altar, enter_bailey_6,
          glass_columns_c
D:10:     minmay_twisted_water, layout_long_grid, kennysheep_mini_moat,
          minmay_librarian, uniq_urug
D:11:     layout_irregular_city, lair_entry_dummy
Temple:   eino_narrow_crystal_temple
Lair:1:   layout_long_grid, gammafunk_ghost_ooze, infiniplex_staircase_pool_2

Skill      XL: |  1  2  3  4  5  6  7  8  9 10 11 12 |
---------------+-------------------------------------+-----
Stealth        | 2 3 4 5 6 7 |  7.1
Maces & Flails | 1 2 3 4 5 |  5.1
Dodging        | 2 3 |  3.8
Fire Magic     | 3 4 5 6 |  6.6
Fighting       | 1 2 |  2.9
Armour         | 1 2 3 4 5 |  5.1
Spellcasting   | 3 4 5 6 7 |  7.4
Conjurations   | 2 |  2.9
Air Magic      | 2 |  2.5
Poison Magic   | 2 3 4 |  4.0
Shields        | 1 2 3 |  3.7
Ice Magic      | 2 3 5 |  5.3
Transmutations | 1 3 4 |  4.3
Evocations     | 3 4 |  4.9
Summonings     | 2 |  2.6
Shapeshifting  | 1 |  1.2
Short Blades   | |  0.6
Long Blades    | |  0.6
Polearms       | |  0.1
Throwing       | |  0.3

Action                     |  1- 3 |  4- 6 |  7- 9 | 10-12 || total
---------------------------+-------+-------+-------+-------++-------
  Melee: Mace              |    80 |   125 |     9 |       ||   214
         Punch             |     3 |     3 |       |       ||     6
         Kick              |       |    20 |    69 |    97 ||   186
         Flail             |       |       |   164 |    27 ||   191
         Short sword       |       |       |       |    72 ||    72
         Falchion          |       |       |       |    19 ||    19
         Trident           |       |       |       |    13 ||    13
         Demon whip        |       |       |       |   103 ||   103
  Throw: Dart              |       |       |       |    18 ||    18
   Cast: Foxfire           |    14 |    12 |    78 |   122 ||   226
         Scorch            |     1 |    21 |   104 |    59 ||   185
         Flame Wave        |       |       |     6 |     1 ||     7
         Poisonous Vapours |       |       |     1 |    18 ||    19
         Ignite Poison     |       |       |     1 |    21 ||    22
         Mephitic Cloud    |       |       |     1 |    18 ||    19
         Summon Ice Beast  |       |       |       |     2 ||     2
  Evoke: Wand              |       |       |    12 |     1 ||    13
    Use: Scroll            |       |     6 |     5 |    23 ||    34
         Potion            |       |     2 |     5 |    13 ||    20
   Stab: Sleeping          |     8 |     4 |     8 |     1 ||    21
         Paralysed         |     2 |    23 |    55 |    48 ||   128
         Confused          |       |       |       |     5 ||     5
 Armour: Robe              |    14 |       |   101 |    12 ||   127
         Ring mail         |    15 |    74 |    35 |       ||   124
         Scale mail        |       |       |       |    46 ||    46
         Leather armour    |       |       |       |    73 ||    73
  Dodge: Dodged            |    34 |    72 |   131 |   150 ||   387
  Block: Buckler           |       |       |    60 |    59 ||   119

Table legend: (Time is in decaauts)
 A = Elapsed time spent in this place.
 B = Non-inter-level travel time spent in this place.
 C = Inter-level travel time spent in this place.
 D = Time resting spent in this place.
 E = Time spent auto-exploring this place.
 F = Levels seen in this place.
 G = Mean time per level.
                   A        B        C        D        E       F      G
               +--------+--------+--------+--------+--------+-----+--------+
         Total |  13560 |  12986 |    574 |    161 |   9590 |  15 |  904.0 |
       Dungeon |  11601 |  11027 |    574 |     83 |   8438 |  11 | 1054.6 |
        Temple |      1 |      1 |      0 |      0 |      0 |   1 |    1.0 |
          Lair |    463 |    463 |      0 |      0 |    319 |   1 |  463.0 |
       Ossuary |    611 |    611 |      0 |      0 |    339 |   1 |  611.0 |
        Bailey |    882 |    882 |      0 |     78 |    494 |   1 |  882.0 |
               +--------+--------+--------+--------+--------+-----+--------+

Top non-repeatable levels by time:
     D:4: 1663 daAuts
     D:5: 1578 daAuts
     D:6: 1325 daAuts
    D:10: 1187 daAuts
     D:1: 1097 daAuts
     D:3: 1027 daAuts
     D:2: 992 daAuts
     D:7: 910 daAuts
  Bailey: 882 daAuts
     D:8: 824 daAuts
     D:9: 772 daAuts
 Ossuary: 611 daAuts
  Lair:1: 463 daAuts
    D:11: 221 daAuts
  Temple: 1 daAuts
